 Dungeon Crawl Stone Soup version 0.19.4-25-g1b72edd (webtiles) character file.

1460 vatarom the Zephyrmancer (level 8, -1/41 HPs)
             Began as a Tengu Air Elementalist on Feb 28, 2017.
             Was a Believer of Sif Muna.
             Killed from afar by vatarom's ghost (14 damage)
             ... with a bolt of lightning
             ... on level 6 of the Dungeon.
             The game lasted 00:15:43 (6669 turns).

vatarom the Zephyrmancer (Tengu Air Elementalist)   Turns: 6669, Time: 00:15:43

Health: -1/41      AC: 10    Str:  9    XL:     8   Next: 76%
Magic:  7/12       EV: 13    Int: 17    God:    Sif Muna [**....]
Gold:   278        SH:  0    Dex: 15    Spells: 4 memorised, 3 levels left

rFire  + + .     SeeInvis .     w - +4 rapier "Vaitomy" {freeze, rN++ Stlth-}
rCold  + . .     Gourm    .     u - +2 robe {rF+}
rNeg   + + .     Faith    .     (no shield)
rPois  +         Spirit   .     (helmet restricted)
rElec  +         Reflect  .     (no cloak)
rCorr  +         Harm     .     p - +2 pair of gloves {archery}
MR     .....                    (boots unavailable)
Stlth  +.........               (no amulet)
                                v - +3 ring of protection
                                g - ring of poison resistance

@: resistant
A: beak, talons 3, able to fly 1
a: Fly, Divine Energy, Renounce Religion


You were on level 6 of the Dungeon.
You worshipped Sif Muna.
Sif Muna was pleased with you.
You were not hungry.

You visited 2 branches of the dungeon, and saw 7 of its levels.

You collected 278 gold pieces.

Inventory:

Hand Weapons
 e - a +4 dagger of speed
 h - a +0 dagger of holy wrath
 w - the +4 rapier "Vaitomy" (weapon) {freeze, rN++ Stlth-}
   (You found it on level 6 of the Dungeon)

   It has been specially enchanted to freeze those struck by it, causing extra
   injury to most foes and up to half again as much damage against particularly
   susceptible opponents.
   It can also slow down cold-blooded creatures.
   It greatly protects you from negative energy.
   It makes you less stealthy.
Armour
 p - a +2 pair of gloves of archery (worn)
 u - a +2 robe of fire resistance (worn)
Jewellery
 g - a ring of poison resistance (left hand)
 r - an uncursed ring of protection from magic
 v - a +3 ring of protection (right hand)
Wands
 q - a wand of acid (0/15)
Scrolls
 a - a scroll of enchant weapon
 d - 3 scrolls of remove curse
 f - a scroll of noise
 i - 3 scrolls of amnesia
 l - a scroll of blinking
 o - a scroll of teleportation
 t - a scroll of enchant armour
Potions
 n - a potion of flight
Books
 b - a book of Air

   Spells                             Type                      Level
   a - Shock                          Conjuration/Air              1
   b - Swiftness                      Charms/Air                   2
   c - Repel Missiles                 Charms/Air                   2
   d - Static Discharge               Conjuration/Air              3
   e - Lightning Bolt                 Conjuration/Air              5
Comestibles
 c - 4 bread rations
 k - 16 fruits
 m - 2 beef jerkies


   Skills:
 - Level 2.1 Dodging
 - Level 2.0 Stealth
 - Level 2.0 Spellcasting
 + Level 8.0 Conjurations
 - Level 11.7 Air Magic


You had 3 spell levels left.
You knew the following spells:

 Your Spells              Type           Power        Failure   Level  Hunger
a - Shock                 Conj/Air       ####         1%          1    #......
b - Repel Missiles        Chrm/Air       ###...       2%          2    ###....
c - Swiftness             Chrm/Air       ###.....     2%          2    ###....
d - Static Discharge      Conj/Air       #####...     1%          3    ###....


Dungeon Overview and Level Annotations

Branches:
Dungeon (6/15)             Temple (1/1) D:4

Altars:
Dithmenos
Elyvilon
Fedhas
Gozag
Hepliaklqana
Kikubaaqudgha
Makhleb
Nemelex Xobeh
Okawaru
Qazlal
Ru
Sif Muna
Trog
Xom
Yredelemnul
Zin
The Shining One
Lugonu

Annotations:
D:6 vatarom's ghost, novice TeAE


Innate Abilities, Weirdness & Mutations

You have a beak for a mouth.
You have claws for feet.
You can fly.


Message History

Casting: Shock
Confirm with . or Enter, or press ? or * to list all spells.
A blue arc grounds itself harmlessly before you.
Vatarom's ghost casts a spell.
You are struck by lightning.
The lightning arcs!
Vatarom's ghost points at you and mumbles some strange words.
The zap hits you! x2
You feel protected.
You feel less vulnerable to hostile enchantments.
Vatarom's ghost gestures wildly while chanting.
Vatarom's ghost puts on a burst of speed!
A worker ant comes into view.
Vatarom's ghost casts a spell at you. The zap misses you. The zap hits you!
You resist.
* * * LOW HITPOINT WARNING * * *
The worker ant twitches its antennae in your direction.
Unknown command.
Vatarom's ghost casts a spell at you. The bolt of lightning hits you!
You resist.
You die...

#.# #W#### #.#######.#
#.#......## #........#
#.######.' ###########
#........# #..........
#######...###########.....
..........#...............
######...@#.#########.....
#....#.# ######.....
##....#W# #......#.##
#####..aW.#.# ##......#.##
..........#.# #...........
### ###..........#
#.##........ #<#
#.#.#.....####
#.#.........
##.###.#.#.....#
#.....#.....
#......#.#.....+
#.....#.....


You could see a worker ant and vatarom's ghost.

Vanquished Creatures
  Pikel (D:4)
  Eustachio (D:6)
  2 ogres
  A bullfrog (D:6)
  A howler monkey (D:6)
  A crimson imp (D:6)
  A jelly (D:6)
  2 hounds (D:5)
  2 centaur skeletons
  2 orc priests
  2 orc wizards (D:4)
  A bullfrog skeleton (D:4)
  An iguana (D:5)
  A hound zombie (D:5)
  10 adders
  A shadow imp (D:6)
  2 oozes
  2 adder skeletons
  5 worms
  4 dart slugs
  A leopard gecko (D:3)
  13 orcs
  4 ball pythons
  A bat skeleton (D:2)
  8 giant cockroaches
  8 hobgoblins
  6 jackals
  4 quokkas
  9 bats
  7 frilled lizards
  7 goblins
  A jackal skeleton (D:5)
  10 kobolds
  A leopard gecko skeleton (D:4)
  A leopard gecko zombie (D:2)
  6 rats
130 creatures vanquished.

Vanquished Creatures (others)
  A fungus (D:3)
1 creature vanquished.

Grand Total: 131 creatures vanquished

Notes
Turn   | Place    | Note
-------+----------+-------------------------------------------
     0 | D:1      | vatarom the Tengu Air Elementalist began the quest for the Orb.
     0 | D:1      | Reached XP level 1. HP: 10/10 MP: 4/4
   207 | D:1      | Reached XP level 2. HP: 15/15 MP: 6/6
   269 | D:1      | Reached skill level 5 in Air Magic
   320 | D:1      | Learned a level 2 spell: Repel Missiles
   323 | D:1      | Learned a level 2 spell: Swiftness
   555 | D:1      | Reached XP level 3. HP: 19/19 MP: 5/7
  1033 | D:1      | Gained mutation: You are agile. (Dex +2) [potion of mutation]
  1033 | D:1      | Gained mutation: You are resistant to electric shocks. (rElec) [potion of mutation]
  1137 | D:2      | Reached skill level 6 in Air Magic
  1214 | D:2      | Reached XP level 4. HP: 21/24 MP: 5/8
  1763 | D:3      | Reached skill level 7 in Air Magic
  2031 | D:2      | Gained mutation: You can fly. [Tengu growth]
  2031 | D:2      | Reached XP level 5. HP: 22/28 MP: 9/9
  2326 | D:3      | Found a hazy altar of Hepliaklqana.
  2737 | D:3      | Found an opulent altar of Gozag.
  2828 | D:3      | Found a faded altar of an unknown god.
  2828 | D:3      | Found a faded altar of an unknown god.
  2833 | D:3      | Found a faded altar of an unknown god.
  2835 | D:3      | Found a bloodstained altar of Trog.
  2836 | D:3      | Found a faded altar of an unknown god.
  2839 | D:3      | Reached skill level 8 in Air Magic
  2876 | D:3      | Found a white marble altar of Elyvilon.
  2924 | D:3      | HP: 1/28 [acid (15)]
  3220 | D:3      | Found a stormy altar of Qazlal.
  3221 | D:3      | Found a sparkling altar of Nemelex Xobeh.
  3568 | D:4      | Noticed an ogre
  3573 | D:4      | HP: 1/28 [ogre/giant spiked club (27)]
  3575 | D:4      | Killed an ogre
  3575 | D:4      | Reached skill level 9 in Air Magic
  3575 | D:4      | Reached XP level 6. HP: 15/32 MP: 4/10
  3743 | D:4      | Learned a level 3 spell: Static Discharge
  3755 | D:4      | Found a blossoming altar of Fedhas.
  3861 | D:4      | Found a staircase to the Ecumenical Temple.
  3880 | Temple   | Entered the Ecumenical Temple
  3915 | Temple   | Became a worshipper of Sif Muna the Loreminder
  4124 | D:4      | Noticed a slave
  4126 | D:4      | Noticed Pikel
  4127 | D:4      | Noticed a slave
  4128 | D:4      | Noticed a slave
  4130 | D:4      | Noticed a slave
  4136 | D:4      | Killed Pikel
  4136 | D:4      | Reached * piety under Sif Muna
  4136 | D:4      | Reached skill level 11 in Air Magic
  4136 | D:4      | Reached XP level 7. HP: 25/36 MP: 0/11
  4502 | D:4      | Reached XP level 8. HP: 38/41 MP: 12/12
  4760 | D:5      | Entered Level 5 of the Dungeon
  4776 | D:5      | Lost mutation: You are agile. (Dex +2) [potion of cure mutation]
  4776 | D:5      | Lost mutation: You are resistant to electric shocks. (rElec) [potion of cure mutation]
  5038 | D:5      | Found a burning altar of Makhleb.
  5493 | D:5      | Reached skill level 5 in Conjurations
  5684 | D:6      | Noticed vatarom's ghost (novice TeAE)
  6438 | D:6      | Noticed Eustachio
  6446 | D:6      | Killed Eustachio
  6446 | D:6      | Reached ** piety under Sif Muna
  6468 | D:6      | Got an ebony rapier
  6469 | D:6      | Identified the +4 rapier "Vaitomy" {freeze, rN++ Stlth-} (You found it on level 6 of the Dungeon)
  6669 | D:6      | Killed from afar by vatarom's ghost

Skill      XL: |  1  2  3  4  5  6  7  8 |
---------------+-------------------------+-----
Air Magic      | 5 6 7 9 11 | 11.7
Conjurations   | 8 |  8.0
Dodging        | |  2.1
Stealth        | |  2.0
Spellcasting   | |  2.0

Action                   |  1- 3 |  4- 6 |  7- 9 || total
-------------------------+-------+-------+-------++-------
Melee: Unarmed           |     8 |       |       ||     8
       Kick              |    10 |    12 |    14 ||    36
       Dagger            |    44 |    74 |    70 ||   188
       Peck              |     6 |     9 |    11 ||    26
       Rapier            |       |       |     1 ||     1
 Cast: Shock             |    36 |    96 |    64 ||   196
       Repel Missiles    |       |     1 |       ||     1
       Static Discharge  |       |     2 |     8 ||    10
       Swiftness         |       |       |     1 ||     1
Evoke: Wand              |       |       |     2 ||     2
  Use: Potion            |     4 |     2 |     6 ||    12
       Scroll            |     3 |     3 |     6 ||    12
 Stab: Sleeping          |     1 |     6 |     4 ||    11
       Distracted        |       |     1 |       ||     1
  Eat: Royal jelly       |     1 |       |       ||     1
       Chunk             |       |    11 |     6 ||    17
       Bread ration      |       |       |     1 ||     1
Armor: Robe              |    14 |    16 |    20 ||    50
Dodge: Dodged            |    43 |    85 |    45 ||   173
       Deflected         |       |       |     1 ||     1
